Cogmind - Beta 13 @@@ ROGUE MODE // 2024.07.21 @ 16:33:02 Player: dwarfinator Result: Destroyed by H-77 Assassin with Coil Gun Performance ------------- Evolutions (7) 3500 Regions Visited (12) 2400 Robots Destroyed (3) 15 Value Destroyed (70) 70 Prototype IDs (1) 20 Alien Tech Used (0) 0 Bonus (1400) 1400 TOTAL SCORE: 7405 Bonus ------- Pacifist 200 Entered Garrisons 200 Used RIF Installer 500 Entered DSFs 500 Cogmind --------- Core Integrity 0/1300 Matter 297/300 Energy 98/100 System Corruption 0% Temperature Cool (0) Movement Core (50) Location -3/Garrison Parts ------- > --- POWER (1) -------- (None) > --- PROPULSION (7) --- (None) > --- UTILITY (11) ----- (None) > --- WEAPON (2) ------- (None) > --- INVENTORY (5) ---- (None) Peak State ------------ > --- POWER ------------ (None) > --- PROPULSION ------- Antigrav System Linear Gravjet VTOL Module > --- UTILITY ---------- Seismic Detector Improved System Shield Improved System Shield > --- WEAPON ----------- Powered Hammer > --- INVENTORY -------- VTOL Module Advanced Terrain Scanner Heavy Plasma Cannon Mining Claw [Rating: 30] Favorites ----------- Power None Propulsion VTOL Module Hover Unit Linear Gravjet Flight Unit VTOL Module Utility Seismic Detector Device Seismic Detector Processor Visual Processing Unit Hackware Improved System Shield Weapon Powered Hammer Energy Gun Spread Laser Ballistic Gun Flak Gun Impact Weapon Powered Hammer Build | -11 -10 -9 -8 -7 -6 -6 -6 -5 -4 -4 -3 -3 ------- Run | Yrd Mat Mat Mat Fac Fac Low Low Fac Fac DSF Res Gar Slots Evolved 14 | . . 2 2 2 2 . . 2 2 . 2 . Power . | . . . . . . . . . . . . . Propulsion 5 | . . . . 1 . . . . 2 . 2 . Utility 9 | . . 2 2 1 2 . . 2 . . . . Weapon . | . . . . . . . . . . . . . Parts Attached 17 | . . 4 1 2 3 . 1 6 . . . . Power . | . . . . . . . . . . . . . Engine . | . . . . . . . . . . . . . Core . | . . . . . . . . . . . . . Reactor . | . . . . . . . . . . . . . Propulsion 4 | . . . . 1 1 . . 2 . . . . Treads . | . . . . . . . . . . . . . Leg . | . . . . . . . . . . . . . Wheel . | . . . . . . . . . . . . . Hover 2 | . . . . . . . . 2 . . . . Flight 2 | . . . . 1 1 . . . . . . . Utility 8 | . . 2 1 . 1 . 1 3 . . . . Device 5 | . . 1 1 . 1 . 1 1 . . . . Storage . | . . . . . . . . . . . . . Processor 1 | . . 1 . . . . . . . . . . Hackware 2 | . . . . . . . . 2 . . . . Protection . | . . . . . . . . . . . . . Artifact . | . . . . . . . . . . . . . Weapon 5 | . . 2 . 1 1 . . 1 . . . . Energy Gun 2 | . . 2 . . . . . . . . . . Energy Cannon . | . . . . . . . . . . . . . Ballistic Gun 1 | . . . . . 1 . . . . . . . Ballistic Cannon . | . . . . . . . . . . . . . Launcher . | . . . . . . . . . . . . . Special Weapon . | . . . . . . . . . . . . . Impact Weapon 2 | . . . . 1 . . . 1 . . . . Slashing Weapon . | . . . . . . . . . . . . . Piercing Weapon . | . . . . . . . . . . . . . Special Melee Weapon . | . . . . . . . . . . . . . Unidentified Prototypes 1 | . . 1 . . . . . . . . . . Parts Lost 7 | . . 2 1 1 1 1 . . . 1 . . Power . | . . . . . . . . . . . . . Propulsion 1 | . . . . 1 . . . . . . . . Utility 4 | . . 1 1 . . 1 . . . 1 . . Weapon 2 | . . 1 . . 1 . . . . . . . Highest Loss Streak 1 | . . 1 1 1 1 1 . . . 1 . . To Critical Strikes 1 | . . . . . 1 . . . . . . . Average Slot Usage (%) 11 | . . 18 7 5 2 10 9 28 36 22 . . Hover 1 | . . . . . . . . 6 10 6 . . Flight 2 | . . . . 1 . 6 6 5 5 3 . . Device 3 | . . 1 7 . . 3 3 9 5 3 . . Hackware 1 | . . . . . . . . 4 10 6 . . Impact Weapon 1 | . . . . 3 . . . 1 5 1 . . Naked Turns 404 | . 23 10 11 99 144 . . . . 3 16 98 Heaviest Build 4 | . . 3 4 3 4 4 1 4 4 4 . . Greatest Support 20 | 3 3 3 3 6 4 4 4 4 4 20 3 3 Greatest Overweight (x) 1 | . . . 1 . 1 . . . . . . . Average Overweight (x) . | . . . . . . . . . . . . . Largest Inventory Capacity 5 | 5 5 5 5 5 5 5 5 5 5 5 5 5 Average Capacity 5 | 5 5 5 5 5 5 5 5 5 5 5 5 5 Most Carried 5 | . . 1 2 5 5 5 5 5 5 5 . . Average Carried 3 | . . . 1 3 4 4 5 4 5 4 . . Final Capacity 5 | 5 5 5 5 5 5 5 5 5 5 5 5 5 Final Carried 5 | . . 1 2 5 5 5 5 5 5 . . . Class Distribution -------------------- 91% | Mutant 8% | Hacker-Mutant Dominant Class ---------------- Mutant | -10/Materials Mutant | -9/Materials Mutant | -8/Materials Mutant | -7/Factory Mutant | -6/Factory Mutant | -6/Lower Caves Mutant | -6/Lower Caves Mutant | -5/Factory Mutant | -4/Factory Hacker-Mutant | -4/DSF Hacker-Mutant | -3/Research Mutant | -3/Garrison Resources | -11 -10 -9 -8 -7 -6 -6 -6 -5 -4 -4 -3 -3 ----------- Run | Yrd Mat Mat Mat Fac Fac Low Low Fac Fac DSF Res Gar Matter Collected 339 | 159 . 66 . . 12 38 24 40 . . . . Remotely . | . . . . . . . . . . . . . Salvage Created 55 | . . 18 . . 37 . . . . . . . Parts 5 | . . . . . 5 . . . . . . . Haulers Intercepted . | . . . . . . . . . . . . . Recyclers Shooed . | . . . . . . . . . . . . . Parts Field Recycled . | . . . . . . . . . . . . . Retrieved Matter . | . . . . . . . . . . . . . Parts Self-Destructed . | . . . . . . . . . . . . . Prevented . | . . . . . . . . . . . . . Kills | -11 -10 -9 -8 -7 -6 -6 -6 -5 -4 -4 -3 -3 ------- Run | Yrd Mat Mat Mat Fac Fac Low Low Fac Fac DSF Res Gar Combat Hostiles Destroyed 2 | . . . . . 2 . . . . . . . Guns 2 | . . . . . 2 . . . . . . . Classes Destroyed 2 | . . 1 . . 1 . . . . . . . Operator 1 | . . 1 . . . . . . . . . . Swarmer 2 | . . . . . 2 . . . . . . . Best Kill Streak 2 | . . 1 . . 2 . . . . . . . Combat Bots Only 2 | . . . . . 2 . . . . . . . Max Kills in Single Turn 2 | . . 1 . . 2 . . . . . . . Gunslinging . | . . . . . . . . . . . . . Exploded . | . . . . . . . . . . . . . Melee . | . . . . . . . . . . . . . Uniques/NPCs Destroyed . | . . . . . . . . . . . . . Combat | -11 -10 -9 -8 -7 -6 -6 -6 -5 -4 -4 -3 -3 -------- Run | Yrd Mat Mat Mat Fac Fac Low Low Fac Fac DSF Res Gar Hostile Shots Fired 347 | . 14 34 17 102 40 11 . 6 . 13 5 105 Missed 146 | . 6 16 7 44 13 6 . 3 . 8 3 40 Damage Taken 3170 | . 97 262 153 540 405 72 . 98 . 238 47 1258 Core 2797 | . 97 198 119 496 268 31 . 98 . 185 47 1258 Absorbed by Shields 165 | . . . . 48 13 19 . . . . . 85 Core Remaining (%) 69 | 100 61 50 78 29 . . 64 90 . 83 . . Volleys Fired 12 | . . 5 . . 7 . . . . . . . Largest 1 | . . 1 . . 1 . . . . . . . Hottest 65 | . . 65 . . 28 . . . . . . . Shots Fired 12 | . . 5 . . 7 . . . . . . . Gun 12 | . . 5 . . 7 . . . . . . . Cannon . | . . . . . . . . . . . . . Launcher . | . . . . . . . . . . . . . Special . | . . . . . . . . . . . . . Kinetic 7 | . . . . . 7 . . . . . . . Thermal 1 | . . 1 . . . . . . . . . . Explosive . | . . . . . . . . . . . . . Electromagnetic 4 | . . 4 . . . . . . . . . . Robot Hit Streak 3 | . . 3 . . 3 . . . . . . . Robot Miss Streak 7 | . . 3 . . 7 . . . . . . . Penetration Max . | . . . . . . . . . . . . . Secondary Targets . | . . . . . . . . . . . . . Shots Hit Robots 11 | . . 5 . . 6 . . . . . . . Core Hits 14 | . . 4 . . 10 . . . . . . . Critical Kills . | . . . . . . . . . . . . . Critical Parts Destroyed . | . . . . . . . . . . . . . Critical Strikes . | . . . . . . . . . . . . . Melee Attacks 4 | . . . . 2 . . . 2 . . . . Impact 4 | . . . . 2 . . . 2 . . . . Slashing . | . . . . . . . . . . . . . Piercing . | . . . . . . . . . . . . . Sneak Attacks . | . . . . . . . . . . . . . Combat Hostiles . | . . . . . . . . . . . . . Follow-up Attacks . | . . . . . . . . . . . . . Damage Inflicted 307 | . . 155 . . 124 . . . . . . 28 Guns 189 | . . 76 . . 113 . . . . . . . Cannons . | . . . . . . . . . . . . . Explosions 28 | . . 28 . . . . . . . . . . Melee . | . . . . . . . . . . . . . Ramming 90 | . . 51 . . 11 . . . . . . 28 Kinetic 113 | . . . . . 113 . . . . . . . Thermal 35 | . . 35 . . . . . . . . . . Explosive . | . . . . . . . . . . . . . Electromagnetic 69 | . . 69 . . . . . . . . . . Impact . | . . . . . . . . . . . . . Slashing . | . . . . . . . . . . . . . Piercing . | . . . . . . . . . . . . . Highest Corruption 8 | . . 8 . . . . . . . . . . Average Corruption 1 | . . 1 . . . . . . . . . . Corruption Purged . | . . . . . . . . . . . . . Corruption Blocked . | . . . . . . . . . . . . . Effects 2 | . . 2 . . . . . . . . . . Message Errors 1 | . . 1 . . . . . . . . . . Matter Fused 1 | . . 1 . . . . . . . . . . Overload Shots . | . . . . . . . . . . . . . Overflow Damage . | . . . . . . . . . . . . . Projectiles . | . . . . . . . . . . . . . Explosions . | . . . . . . . . . . . . . Melee . | . . . . . . . . . . . . . Knockbacks 1 | . . 1 . . . . . . . . . . Impact 1 | . . 1 . . . . . . . . . . Kinetic . | . . . . . . . . . . . . . Secondary . | . . . . . . . . . . . . . Self-Inflicted Damage 38 | . . 21 . . 4 . . . . . . 13 Shots . | . . . . . . . . . . . . . Rammed 23 | . . 16 . . 3 . . . . . . 4 Targets Rammed 23 | . . 16 . . 3 . . . . . . 4 Kicked . | . . . . . . . . . . . . . Crushed . | . . . . . . . . . . . . . Highest Temperature 8 | . . 8 . . . . . . . . . . Average Temperature 6 | . . 6 . . . . . . . . . . Received Heat Transfer 677 | . 54 99 81 236 . 27 . 9 . . . 171 Siege Activations . | . . . . . . . . . . . . . Robots Corrupted . | . . . . . . . . . . . . . Combat Hostiles . | . . . . . . . . . . . . . Parts Fried 1 | . . 1 . . . . . . . . . . Impact Corruptions . | . . . . . . . . . . . . . Robots Melted . | . . . . . . . . . . . . . Combat Hostiles . | . . . . . . . . . . . . . Parts Melted . | . . . . . . . . . . . . . Heat Transferred 60 | . . 60 . . . . . . . . . . Parts Sabotaged . | . . . . . . . . . . . . . Parts Stolen . | . . . . . . . . . . . . . Parts Stripped . | . . . . . . . . . . . . . Power Chain Reactions 1 | . . 1 . . . . . . . . . . Alert | -11 -10 -9 -8 -7 -6 -6 -6 -5 -4 -4 -3 -3 ------- Run | Yrd Mat Mat Mat Fac Fac Low Low Fac Fac DSF Res Gar Peak Influence 321 | . 16 94 90 247 310 . . 321 156 119 60 138 Initial 156 | . . 6 35 40 120 . . 147 156 119 60 63 Average 133 | . 13 57 52 103 175 . . 240 156 115 60 90 Maximum Alert Level 1 | . . . . 1 1 . . 1 . . . . Low Security (%) 78 | 100 100 100 100 90 71 . . 33 100 100 100 100 Level 1 21 | . . . . 9 29 . . 66 . . . . Level 2 . | . . . . . . . . . . . . . Level 3 . | . . . . . . . . . . . . . Level 4 . | . . . . . . . . . . . . . Level 5 . | . . . . . . . . . . . . . High Security . | . . . . . . . . . . . . . Max Security . | . . . . . . . . . . . . . Squads Dispatched 12 | . . 3 1 3 2 . . 2 . 1 . . Investigation 6 | . . 1 . 3 1 . . 1 . . . . Extermination . | . . . . . . . . . . . . . Reinforcement 6 | . . 2 1 . 1 . . 1 . 1 . . Assault . | . . . . . . . . . . . . . Garrison . | . . . . . . . . . . . . . Intercept . | . . . . . . . . . . . . . Searches Triggered . | . . . . . . . . . . . . . Construction Impeded 1 | . . . . . 1 . . . . . . . Haulers Reinforced . | . . . . . . . . . . . . . Active Scanning Responses . | . . . . . . . . . . . . . Cargo Convoy Interrupts . | . . . . . . . . . . . . . Stealth | -11 -10 -9 -8 -7 -6 -6 -6 -5 -4 -4 -3 -3 --------- Run | Yrd Mat Mat Mat Fac Fac Low Low Fac Fac DSF Res Gar Distress Signals 5 | . . 2 2 1 . . . . . . . . Communications Jammed . | . . . . . . . . . . . . . Distress Signals . | . . . . . . . . . . . . . Times Spotted 98 | . 4 18 14 15 10 9 . 7 1 5 4 11 Peak Tracking Total 14 | . 4 14 13 8 8 7 . 5 1 5 4 14 Tactical Retreats 16 | . . 1 1 3 3 4 . 3 . . . 1 Traps | -11 -10 -9 -8 -7 -6 -6 -6 -5 -4 -4 -3 -3 ------- Run | Yrd Mat Mat Mat Fac Fac Low Low Fac Fac DSF Res Gar Traps Triggered 4 | . . . . 1 . . . . . 1 . 2 Indirectly . | . . . . . . . . . . . . . Trap Hack Attempts . | . . . . . . . . . . . . . Triggered . | . . . . . . . . . . . . . Disarmed . | . . . . . . . . . . . . . Reprogrammed . | . . . . . . . . . . . . . Reused . | . . . . . . . . . . . . . Traps Extracted . | . . . . . . . . . . . . . Installed . | . . . . . . . . . . . . . Triggered 1 | . . . . . . 1 . . . . . . Machines | -11 -10 -9 -8 -7 -6 -6 -6 -5 -4 -4 -3 -3 ---------- Run | Yrd Mat Mat Mat Fac Fac Low Low Fac Fac DSF Res Gar Machines Disabled . | . . . . . . . . . . . . . Max in Single Turn . | . . . . . . . . . . . . . Garrison Access 3 | . . . . . 1 . . 2 . . . . Machines Repaired . | . . . . . . . . . . . . . Machines Dismantled . | . . . . . . . . . . . . . Machines Sabotaged . | . . . . . . . . . . . . . Overloaded Fab Kills . | . . . . . . . . . . . . . Hacking | -11 -10 -9 -8 -7 -6 -6 -6 -5 -4 -4 -3 -3 --------- Run | Yrd Mat Mat Mat Fac Fac Low Low Fac Fac DSF Res Gar Machines Accessed 21 | . 1 2 1 6 3 . . 6 1 . 1 . Terminals 16 | . 1 2 1 5 2 . . 4 1 . . . Fabricators . | . . . . . . . . . . . . . Repair Stations . | . . . . . . . . . . . . . Recycling Units . | . . . . . . . . . . . . . Scanalyzers . | . . . . . . . . . . . . . Garrison Access 5 | . . . . 1 1 . . 2 . . 1 . Total Hacks 49 | . 6 4 3 15 4 . . 15 1 . 1 . Successful 15 | . 4 . 1 1 1 . . 6 1 . 1 . Failed 34 | . 2 4 2 14 3 . . 9 . . . . Catastrophic 10 | . 1 1 . 5 2 . . 1 . . . . Database Lockouts . | . . . . . . . . . . . . . Manual 33 | . 5 4 3 6 2 . . 13 . . . . Terminals 42 | . 6 4 3 12 3 . . 13 1 . . . Fabricators . | . . . . . . . . . . . . . Repair Stations . | . . . . . . . . . . . . . Recycling Units . | . . . . . . . . . . . . . Scanalyzers . | . . . . . . . . . . . . . Garrison Access 7 | . . . . 3 1 . . 2 . . 1 . Terminal Hacks 4 | . 2 . . . . . . 1 1 . . . Open DSF 1 | . . . . . . . . . 1 . . . Terminal Index 1 | . 1 . . . . . . . . . . . Zone Layout 2 | . 1 . . . . . . 1 . . . . Fabricator Hacks . | . . . . . . . . . . . . . Repair Station Hacks . | . . . . . . . . . . . . . Recycling Unit Hacks . | . . . . . . . . . . . . . Scanalyzer . | . . . . . . . . . . . . . Garrison Access Hacks 4 | . . . . . 1 . . 2 . . 1 . Unlock Access 1 | . . . . . . . . . . . 1 . Seal Access 3 | . . . . . 1 . . 2 . . . . Unauthorized Hacks 7 | . 2 . 1 1 . . . 3 . . . . Terminals 7 | . 2 . 1 1 . . . 3 . . . . Botnet 5 | . 1 . 1 1 . . . 2 . . . . Operators 2 | . 1 . . . . . . 1 . . . . Fabricators . | . . . . . . . . . . . . . Repair Stations . | . . . . . . . . . . . . . Recycling Units . | . . . . . . . . . . . . . Scanalyzers . | . . . . . . . . . . . . . Garrison Access . | . . . . . . . . . . . . . Data Cores Recovered . | . . . . . . . . . . . . . Used . | . . . . . . . . . . . . . Hacking Detections 16 | . 1 2 1 6 2 . . 4 . . . . Full Trace Events 6 | . . 1 . 3 1 . . 1 . . . . Feedback Events 1 | . . 1 . . . . . . . . . . Corruption 1 | . . 1 . . . . . . . . . . Feedback Blocked . | . . . . . . . . . . . . . Robot Schematics Acquired . | . . . . . . . . . . . . . Robots Built . | . . . . . . . . . . . . . Authchips . | . . . . . . . . . . . . . Time . | . . . . . . . . . . . . . Total Robot Build Rating . | . . . . . . . . . . . . . Part Schematics Acquired . | . . . . . . . . . . . . . Parts Built . | . . . . . . . . . . . . . Authchips . | . . . . . . . . . . . . . Time . | . . . . . . . . . . . . . Total Part Build Rating . | . . . . . . . . . . . . . Parts Repaired . | . . . . . . . . . . . . . Time . | . . . . . . . . . . . . . Parts Recycled . | . . . . . . . . . . . . . Recycled Matter . | . . . . . . . . . . . . . Retrieved Matter . | . . . . . . . . . . . . . Retrieved Components . | . . . . . . . . . . . . . Parts Scanalyzed . | . . . . . . . . . . . . . Part Schematics Acquired . | . . . . . . . . . . . . . Parts Damaged . | . . . . . . . . . . . . . Bothacking | -11 -10 -9 -8 -7 -6 -6 -6 -5 -4 -4 -3 -3 ------------ Run | Yrd Mat Mat Mat Fac Fac Low Low Fac Fac DSF Res Gar Used RIF Installer 1 | . . . . . . . . . . . . 1 Robots Hacked . | . . . . . . . . . . . . . Non-combat . | . . . . . . . . . . . . . Combat . | . . . . . . . . . . . . . Robot Hacks Applied . | . . . . . . . . . . . . . Relay Couplers Released 1 | . . . . . . . . 1 . . . . Machine Destruction 1 | . . . . . . . . 1 . . . . Fabnet Peak Effective % . | . . . . . . . . . . . . . Robots Rewired . | . . . . . . . . . . . . . Allies Hacked . | . . . . . . . . . . . . . Hacks Repelled . | . . . . . . . . . . . . . Allies | -11 -10 -9 -8 -7 -6 -6 -6 -5 -4 -4 -3 -3 -------- Run | Yrd Mat Mat Mat Fac Fac Low Low Fac Fac DSF Res Gar Total Allies . | . . . . . . . . . . . . . Largest Group . | . . . . . . . . . . . . . Highest-Rated Group . | . . . . . . . . . . . . . Highest-Rated Ally . | . . . . . . . . . . . . . Total Orders . | . . . . . . . . . . . . . Ally Attacks . | . . . . . . . . . . . . . Total Damage . | . . . . . . . . . . . . . Kills . | . . . . . . . . . . . . . Allies Corrupted . | . . . . . . . . . . . . . Allies Melted . | . . . . . . . . . . . . . Intel | -11 -10 -9 -8 -7 -6 -6 -6 -5 -4 -4 -3 -3 ------- Run | Yrd Mat Mat Mat Fac Fac Low Low Fac Fac DSF Res Gar Robot Analysis Total . | . . . . . . . . . . . . . Derelict Logs Recovered 3 | . . . . . . 2 1 . . . . . Drone Launches . | . . . . . . . . . . . . . Drone Recoveries . | . . . . . . . . . . . . . Exploration | -11 -10 -9 -8 -7 -6 -6 -6 -5 -4 -4 -3 -3 ------------- Run | Yrd Mat Mat Mat Fac Fac Low Low Fac Fac DSF Res Gar Turns Passed 1103 | 9 23 99 74 211 200 115 25 198 5 30 16 98 Spaces Moved 2253 | 18 46 129 140 403 370 325 66 496 14 60 30 156 Core 1112 | 18 46 129 140 303 289 . . . . 1 30 156 Treads . | . . . . . . . . . . . . . Legs . | . . . . . . . . . . . . . Wheels . | . . . . . . . . . . . . . Hover 1 | . . . . . . . . . . 1 . . Flight 1140 | . . . . 100 81 325 66 496 14 58 . . Fastest Speed 35 | 50 50 50 50 40 35 35 35 35 35 35 50 50 Average Speed 42 | 50 50 50 50 47 47 35 35 35 35 35 50 50 Slowest Speed 100 | 50 50 50 100 50 100 35 35 35 35 50 50 50 Overloaded Moves . | . . . . . . . . . . . . . Propulsion Burnouts . | . . . . . . . . . . . . . Robots Hopped 9 | . . . . . 2 2 . 4 . 1 . . Cave-ins Triggered . | . . . . . . . . . . . . . Exploration Rate (%) 25 | 3 16 26 22 18 18 69 15 19 1 87 2 31 Regions Visited 12 Branch Regions 2 Pre-discovered Areas . | . . . . . . . . . . . . . Known Exits Taken 2 | . . . . . . . . . 1 . 1 . Unknown Exits Taken 9 | 1 1 1 1 1 1 1 1 1 . . . . Scrap Searched 2 | . . . . . . 1 1 . . . . . Spaces Dug 4 | . . . . 2 . . . 2 . . . . Terrain Destroyed 7 | . . 3 . 2 . . . 2 . . . . Melee 4 | . . . . 2 . . . 2 . . . . Projectile . | . . . . . . . . . . . . . AOE 3 | . . 3 . . . . . . . . . . Terrain Rammed . | . . . . . . . . . . . . . Walls Destroyed . | . . . . . . . . . . . . . Machines Disabled . | . . . . . . . . . . . . . Actions | -11 -10 -9 -8 -7 -6 -6 -6 -5 -4 -4 -3 -3 --------- Run | Yrd Mat Mat Mat Fac Fac Low Low Fac Fac DSF Res Gar Total 2348 | 17 45 156 142 418 381 324 66 511 13 69 30 176 Wait 10 | . . 1 . . . . . 9 . . . . Move 2225 | 17 45 128 139 402 365 320 65 488 13 57 30 156 Hop 8 | . . . . . 2 2 . 3 . 1 . . Pick Up 9 | . . 1 1 3 1 1 . 2 . . . . Fast Attach 11 | . . 3 1 1 2 . 1 3 . . . . Attach 6 | . . 1 . 1 1 . . 3 . . . . Detach 3 | . . 1 . 1 . . . 1 . . . . Swap . | . . . . . . . . . . . . . Drop 7 | . . . 1 . . 1 . . . 5 . . Fire 12 | . . 5 . . 7 . . . . . . . Melee 4 | . . . . 2 . . . 2 . . . . Ram 23 | . . 16 . . 3 . . . . . . 4 Kick . | . . . . . . . . . . . . . Crush . | . . . . . . . . . . . . . Escape Stasis 30 | . . . . 8 . . . . . 6 . 16 Rewire . | . . . . . . . . . . . . . Trap . | . . . . . . . . . . . . . Miscellaneous . | . . . . . . . . . . . . . Route ------- -11/Scrapyard -10/Materials -9/Materials (discovered 2 exits: *Mat / [*Min]) -8/Materials -7/Factory -6/Factory -6/Lower Caves -6/Lower Caves -5/Factory (discovered 3 exits: *Fac / *Upp x2) -4/Factory -4/DSF -3/Research -3/Garrison History --------- Turn | Location | Event 3 | -11/Scrapyard | Discovered new exit (range 15) 10 | -11/Scrapyard | Entered Materials 30 | -10/Materials | Discovered new exit (range 8) 33 | -10/Materials | Entered another Materials area 33 | -9/Materials | Evolved 2 slots: Utility x2 88 | -9/Materials | Discovered new exit (range 17) 119 | -9/Materials | Discovered new exit (range 14) 132 | -9/Materials | Entered another Materials area 132 | -8/Materials | Evolved 2 slots: Utility x2 198 | -8/Materials | Discovered new exit (range 15) 206 | -8/Materials | Entered Factory 206 | -7/Factory | Evolved 2 slots: Propulsion x1, Utility x1 307 | -7/Factory | Build established: Mutant 380 | -7/Factory | Core integrity fell below 50% 415 | -7/Factory | Discovered new exit (range 5) 417 | -7/Factory | Entered another Factory area 417 | -6/Factory | Evolved 2 slots: Utility x2 613 | -6/Factory | Discovered new exit (range 10) 617 | -6/Factory | Entered Lower Caves 634 | -6/Lower Caves | Learned Factory stockpile data 723 | -6/Lower Caves | Learned location of 1 exit from Factory 726 | -6/Lower Caves | Discovered new exit (range 8) 732 | -6/Lower Caves | Entered another Lower Caves area 738 | -6/Lower Caves | Learned 4 Factory zone layouts 755 | -6/Lower Caves | Discovered new exit (range 8) 757 | -6/Lower Caves | Entered Factory 757 | -5/Factory | Evolved 2 slots: Utility x2 758 | -5/Factory | Identified exit to Upper Caves 828 | -5/Factory | Spotted B-75 Beast 879 | -5/Factory | Discovered exit to Upper Caves (range 9) 952 | -5/Factory | Discovered new exit (range 7) 955 | -5/Factory | Entered another Factory area 955 | -4/Factory | Evolved 2 slots: Propulsion x2 960 | -4/Factory | Identified exit to DSF 960 | -4/Factory | Entered DSF 982 | -4/DSF | Discovered new exit (range 14) 987 | -4/DSF | Released all parts (5) 988 | -4/DSF | Additional patrols routed to DSF 990 | -4/DSF | Entered Research 990 | -3/Research | Evolved 2 slots: Propulsion x2 1006 | -3/Research | Identified exit to Garrison 1006 | -3/Research | Entered Garrison 1030 | -3/Garrison | Triggered checkpoint 1047 | -3/Garrison | Installed Relay Interface Framework 1064 | -3/Garrison | Core integrity fell below 50% 1074 | -3/Garrison | Spotted B-86 Titan 1078 | -3/Garrison | Triggered checkpoint 1081 | -3/Garrison | Triggered checkpoint 1082 | -3/Garrison | Core integrity fell below 20% 1104 | -3/Garrison | Destroyed by H-77 Assassin with Coil Gun Last Messages --------------- 01065_ Field strength at 42. 01066_ Field strength at 31. 01066_ Slug penetrates Wall. 01067_ Field strength at 17. 01067_ Slug penetrates Wall. 01068_ Field strength at 11. 01069_ Stasis field depleted. 01078_ Beams of light sweep through the air. An alarm sounds. 01078_ Knocked back. 01080_ B-86 Titan activates siege mode. 01081_ Slug penetrates Wall. 01081_ Penetrated by Slug. 01081_ Slug penetrates Wall. 01081_ Slug penetrates Garrison Door. 01081_ Beams of light sweep through the air. An alarm sounds. 01081_ Slug penetrates Reinforced Barrier. 01087_ Slug penetrates Wall. 01093_ Penetrated by Slug. 01093_ Slug penetrates Wall. 01096_ Penetrated by Slug. Map ----- +----------------------------------------------------+ | #?????????????????????????????????????????? | | ############??????????????????????????????? | | #??????????????????????????????? | | #??????????????????????????????? | | ^ #??????????????????????????????? | | ######### ^#??????????????????????????????? | | ????# #?# #??????????????????????????????? | | ????# #?# #??????????????????????????????? | | ????# #?# #??????????????????????????????? | | ????# #?# #??????????????????????????????? | | ????# #?# #??????????????????????????????? | | ##### ### #??????????????????????????????? | | " #??????????????????????????????? | | " #??????????????????????????????? | | ######### #??????????????????????????????? | | ????????# #??????????????????????????????? | | ????????# #??????????????????????????????? | | ????????# #??????????????????????????????? | | ????????# #??????????????????????????????? | | ????????# #??????????????????????????????? | | ????????# #??????????????????????????????? | | ????????# #??????????????????????????????? | | ????????# #######################????????? | | ????????# h #????????? | | ????????# #????????? | | ????????# @ #????????? | | ????????################# #### #????????? | | ????????????????????????# #??????#????????? | | ????????????????????????# #???????????????? | | ???????????????????????? #???????????????? | | ???????????????????????? #???????????????? | | ????????????????????????####???????????????? | | ???????????????????????????????????????????? | | ???????????????????????????????????????????? | | ???????????????????????????????????????????? | | ???????????????????????????????????????????? | | ???????????????????????????????????????????? | | ???????????????????????????????????????????? | | ???????????????????????????????????????????? | | ???????????????????????????????????????????? | | ???????????????????????????????????????????? | | ???????????????????????????????????????????? | | ???????????????????????????????????????????? | | ???????????????????????????????????????????? | | ???????????????????????????????????????????? | | ???????????????????????????????????????????? | | ???????????????????????????????????????????? | | ???????????????????????????????????????????? | | | | | +----------------------------------------------------+ Best States ------------- Heat Dissipation 46 Energy Generation 5 Energy Capacity 100 Matter Stores 300 Matter Capacity 300 Sight Range 18 Terrain Scan Range 20 Terrain Scan Density 10 Evasion (%) 63 Defensive Hacking 24 Item Schematics ----------------- None Robot Schematics ------------------ None Fabricated ------------ Nothing Alien Tech Used ----------------- None Achievements -------------- Desperate Times Streaker Challenges ------------ None Game ------ Seed MakeshiftCoolingStripper Manual? 0 Play Time 00:54:40 Cumulative 110.7 hours Start 2024.07.20 @ 18:40:48 End 2024.07.21 @ 16:33:02 Sessions 5 Manual Loads 0 Difficulty Rogue Special Mode None Game No. 21 Rogue 18 Adventurer 3 Explorer 0 Win Type - Total 5 Types 5/0/0/0/0/0/0/0/0 Lore% 50 Gallery% 70 Achievement% 60 Wizard Run 0 Options --------- Layout 0 ASCII 0 Keyboard 0 Movement Numpad Keybinds 0 Fullscreen 1 Font 18/SmallcapsGlow Map View 76x50 Zoom Use 0% Tactical HUD 1 Map Filters NONE Filters NONE Steam 1 RUN: df8ff398-8623-4dcd-add1-89a331e15d10